 Dungeon Crawl Stone Soup version 0.19.0-2-gae57169 (webtiles) character file.

42963 Firecrotchwizard the Whirler (level 14, -8/108 HPs)
             Began as a Halfling Berserker on Nov 4, 2016.
             Was a High Priest of Trog.
             Mangled by an orc warrior
             ... wielding a +0 long sword
              (14 damage)
             ... on level 2 of the Orcish Mines.
             The game lasted 01:38:05 (19147 turns).

Firecrotchwizard the Whirler (Halfling Berserker)  Turns: 19147, Time: 01:38:05

Health: -8/108     AC: 22    Str: 26    XL:     14   Next: 58%
Magic:  14/14      EV: 12    Int:  5    God:    Trog [*****.]
Gold:   1047       SH:  0    Dex: 18    Spells: 0 memorised, 13 levels left

rFire  . . .     SeeInvis .     L - +0 dagger (speed)
rCold  . . .     Gourm    .     F - +2 plate armour {MR+}
rNeg   . . .     Faith    .     (shield restricted)
rPois  +         Spirit   .     s - +2 hat
rElec  .         Reflect  .     p - +0 cloak {rPois}
rCorr  .         Harm     .     w - +0 pair of gloves
MR     ++++.                    y - +0 pair of boots
Stlth  ..........               (no amulet)
                                O - +2 ring of dexterity
                                r - +3 ring of slaying

@: mighty, exhausted, very slightly contaminated, regenerating, hasted and
slowed
A: mutation resistance 1
a: Berserk, Trog's Hand, Brothers in Arms, Burn Spellbooks, Renounce Religion


You were on level 2 of the Orcish Mines.
You worshipped Trog.
Trog was extremely pleased with you.
You were near starving.

You visited 3 branches of the dungeon, and saw 18 of its levels.
You also visited: Ossuary.

You collected 1309 gold pieces.
You spent 262 gold pieces at shops.

Inventory:

Hand Weapons
 b - a +2 dagger of venom
 e - a +0 antimagic dagger
 h - a +3 hunting sling of flaming
 o - a +1 dagger of electrocution
 u - a +1 dagger of draining
 G - a +3 hunting sling of freezing
 H - a +3 dagger
 L - a +0 dagger of speed (weapon)
 V - a +4 hunting sling of velocity
Missiles
 m - 90 sling bullets (quivered)
Armour
 p - a +0 cloak of poison resistance (worn)
 s - a +2 hat (worn)
 w - a +0 pair of gloves (worn)
 y - a +0 pair of boots (worn)
 F - a +2 plate armour of magic resistance (worn)
Jewellery
 r - a +3 ring of slaying (left hand)
 E - an uncursed ring of flight
 O - a +2 ring of dexterity (right hand)
Wands
 a - a wand of iceblast (11/15)
 n - a wand of paralysis (16/24)
 v - a wand of flame (16/48)
 J - a wand of lightning (5/15)
Scrolls
 f - 2 scrolls of random uselessness {unknown}
 g - 3 scrolls of identify
 k - 2 scrolls of blinking {unknown}
 l - a scroll of immolation {unknown}
 A - 11 scrolls of teleportation
 B - 2 scrolls of recharging
 K - 3 scrolls of enchant weapon
 M - a scroll of summoning
 N - a scroll of fog {unknown}
 R - 3 scrolls of remove curse
 T - 2 scrolls of noise {unknown}
 U - a scroll of magic mapping
 Z - a scroll of torment {unknown}
Potions
 d - 2 potions of resistance {unknown}
 i - 11 potions of curing
 j - a potion of invisibility {unknown}
 q - 8 potions of agility
 t - 3 potions of ambrosia
 z - a potion of mutation {unknown}
 C - a potion of might
 I - a potion of flight {unknown}
 Q - 2 potions of cancellation {unknown}
 S - a potion of experience {unknown}
Books
 P - a book of Minor Magic

   Spells                             Type                      Level
   a - Magic Dart                     Conjuration                  1
   b - Blink                          Translocation                2
   c - Call Imp                       Summoning                    2
   d - Repel Missiles                 Charms/Air                   2
   e - Slow                           Hexes                        2
   f - Conjure Flame                  Conjuration/Fire             3
   g - Mephitic Cloud                 Conjuration/Poison/Air       3
   Trog disapproves of the use of such an item.
 X - a book of Enchantments

   Spells                             Type                      Level
   a - Cause Fear                     Hexes                        4
   b - Yara's Violent Unravelling     Hexes/Transmutation          5
   c - Silence                        Hexes/Air                    5
   d - Deflect Missiles               Charms/Air                   6
   e - Discord                        Hexes                        8
   Trog disapproves of the use of such an item.
Miscellaneous
 W - a crystal ball of energy
Comestibles
 c - 10 bread rations
 x - 11 meat rations
 Y - 4 fruits


   Skills:
 * Level 14.2 Fighting
 + Level 12.7 Short Blades
 + Level 16.6 Slings
 + Level 10.0 Armour
 + Level 3.2 Dodging
 + Level 1.6 Stealth


You had 13 spell levels left.
You didn't know any spells.

Dungeon Overview and Level Annotations

Branches:
Dungeon (12/15)            Temple (0/1) D:7            Lair (4/6) D:8
  Swamp (0/4) Lair:2       Spider (0/4) Lair:3          Orc (2/2) D:12
    Elf (0/3) Orc:2

Altars:
Dithmenos
Elyvilon
Nemelex Xobeh
Okawaru
Qazlal
Trog
Vehumet
Xom
Zin

Shops:
D:5 }   D:6 (   D:11 ([

Annotations:
Orc:2 Maurice


Innate Abilities, Weirdness & Mutations

You are small and have problems with some larger weapons.
You are somewhat resistant to further mutation.


Message History

You are near starving!
You closely miss the orc knight.
The orc knight is almost dead.
The orc warrior misses you.
You hit the orc knight.
The orc knight is almost dead.
You hit the orc knight but do no damage.
The orc knight is almost dead.
The orc knight hits you with an uncursed war axe!
* * * LOW HITPOINT WARNING * * *
You closely miss the orc knight.
The orc knight is almost dead.
The orc high priest calls down the wrath of Beogh upon you.
Beogh smites you!
* * * LOW HITPOINT WARNING * * *
You hit the orc knight.
You kill the orc knight!
Trog accepts your kill.
The orc warrior hits you with a long sword!
You die...

## ####..... #...... #.......
######## ### ####### #.
....## ###.....### #.
....((### ###.........####.
.....@(.## ##.............##.
....o....###@3.............#.
o#.#.#.#.#o#o#.#)#.#.#.#.#.#)
........@)oo..((((.......)..
.....o..#o#o)).))......))...
.....o.....4...))[......).)).
.#.#.#.#.#.#.#.#.#.#.#.#.#.#.
.........###...............#.
........## ##.............##.
.....## ###.........####.


You could see an orc high priest, a neqoxec, a red devil, 3 orc warriors and an
orc priest.

Vanquished Creatures
  A dire elephant (Lair:3)
  2 hydras
  Fannar (Orc:1)
  The ghost of Roarke the Cleaver, a novice DDBe of Trog (D:11)
  3 orc high priests (Orc:2)
  3 orc knights (Orc:2)
  2 hill giants
  2 ugly things
  2 cyclopes
  16 elephants (Lair:3)
  The ghost of dialectric the Slasher, a novice NaCK of Xom (Ossuary)
  A black mamba (Lair:4)
  Psyche (D:10)
  9 spiny frogs
  2 komodo dragons (Lair:3)
  4 jumping spiders (Lair:3)
  3 trolls
  A hornet (D:10)
  2 tyrant leeches (Lair:2)
  A two-headed ogre (D:10)
  6 blink frogs
  4 hippogriffs
  Sigmund (D:6)
  3 wyverns
  A vampire (D:11)
  27 yaks
  2 redbacks (Lair:3)
  A spriggan (Lair:3)
  A basilisk (D:12)
  A hungry ghost (D:12)
  A steam dragon (Lair:3)
  A warg (Orc:2)
  Edmund (D:6)
  The ghost of Roarke the Chopper, an amateur GrBe of Trog (D:5)
  10 water moccasins
  Duvessa (D:6)
  4 porcupines
  18 orc warriors
  3 sky beasts
  A necrophage (D:11)
  5 ogres
  4 ice beasts
  An eye of draining (D:12)
  2 phantoms
  5 wolves (Lair:4)
  5 centaurs
  7 crocodiles
  2 elf zombies (Ossuary)
  16 bullfrogs
  Dowan (D:6)
  A scorpion (D:11)
  6 killer bees (D:11)
  14 wights
  4 howler monkeys
  A bullfrog zombie (D:5)
  3 centaur zombies
  6 crimson imps
  2 quasits
  A human zombie (Ossuary)
  6 hounds
  7 jellies
  Crazy Yiuf (D:2)
  3 centaur skeletons
  31 orc priests
  A gnoll shaman (D:8)
  An iguana (D:8)
  24 orc wizards
  6 worker ants
  A big kobold zombie (Ossuary)
  A hound zombie (Ossuary)
  A hound skeleton (D:4)
  3 mummies (Ossuary)
  A worker ant zombie (D:6)
  11 adders
  4 gnolls (D:8)
  A river rat (D:8)
  A shadow imp (D:5)
  An ooze (D:3)
  4 adder zombies
  An adder skeleton (D:8)
  2 worms (D:2)
  A dart slug (D:4)
  8 leopard geckos
  122 orcs
  4 giant cockroaches
  3 gnoll zombies (Ossuary)
  7 goblins
  10 hobgoblins
  16 jackals
  7 kobolds
  4 quokkas
  14 bats
  4 frilled lizards
  A goblin zombie (D:8)
  A hobgoblin zombie (Ossuary)
  3 jackal zombies (Ossuary)
  8 kobold zombies (Ossuary)
  2 leopard gecko skeletons
  A quokka skeleton (D:9)
  6 quokka zombies
  24 rats
  6 rat zombies (Ossuary)
596 creatures vanquished.

Vanquished Creatures (collateral kills)
  A lindwurm (Lair:4)
  2 orc knights (Orc:2)
  3 elephants (Lair:3)
  A jumping spider (Lair:3)
  4 blink frogs
  3 yaks (Lair:4)
  4 orc warriors (Orc:2)
  4 wolves (Lair:4)
  An orc (Orc:2)
  A plant (Lair:4)
24 creatures vanquished.

Vanquished Creatures (others)
  An orc wizard (Orc:1)
  72 fungi
  30 plants
103 creatures vanquished.

Grand Total: 723 creatures vanquished

Notes
Turn   | Place    | Note
-------+----------+-------------------------------------------
     0 | D:1      | Firecrotchwizard the Halfling Berserker began the quest for the Orb.
     0 | D:1      | Reached XP level 1. HP: 15/15 MP: 1/1
   300 | D:1      | Reached XP level 2. HP: 14/20 MP: 0/2
   673 | D:1      | Reached XP level 3. HP: 26/26 MP: 3/3
  1193 | D:2      | Reached ** piety under Trog
  1619 | D:2      | Found a runed door.
  1623 | D:2      | Noticed Crazy Yiuf
  1641 | D:2      | Killed Crazy Yiuf
  1641 | D:2      | Reached skill level 5 in Short Blades
  1641 | D:2      | Reached XP level 4. HP: 30/31 MP: 4/4
  2287 | D:3      | Reached XP level 5. HP: 36/36 MP: 5/5
  2753 | D:3      | Reached skill level 1 in Slings
  2884 | D:3      | Found a glowing silver altar of Zin.
  2961 | D:4      | Reached *** piety under Trog
  2961 | D:4      | Reached skill level 2 in Slings
  2961 | D:4      | Reached XP level 6. HP: 42/42 MP: 6/6
  2978 | D:4      | Reached skill level 3 in Slings
  3150 | D:4      | Reached XP level 7. HP: 34/48 MP: 7/7
  3416 | D:4      | Reached skill level 4 in Slings
  3804 | D:5      | Entered Level 5 of the Dungeon
  3859 | D:5      | Reached XP level 8. HP: 53/54 MP: 8/8
  3863 | D:5      | Reached **** piety under Trog
  3952 | D:5      | Noticed Roarke's ghost (amateur GrBe)
  3972 | D:5      | Killed Roarke's ghost
  3972 | D:5      | Reached skill level 5 in Slings
  4268 | D:5      | Reached skill level 5 in Fighting
  4633 | D:5      | Found Ossuyb's Gadget Shop.
  4763 | D:6      | Found a white marble altar of Elyvilon.
  4771 | D:6      | Found a radiant altar of Vehumet.
  4811 | D:6      | Got a faintly glowing robe
  4892 | D:6      | Found Nimei's Antique Weapon Boutique.
  4895 | D:6      | Bought a runed hunting sling for 195 gold pieces
  4911 | D:6      | Noticed Sigmund
  4923 | D:6      | Killed Sigmund
  4923 | D:6      | Reached skill level 6 in Slings
  4923 | D:6      | Reached XP level 9. HP: 61/61 MP: 9/9
  5022 | D:6      | Noticed Edmund
  5040 | D:6      | Killed Edmund
  5040 | D:6      | Reached skill level 7 in Slings
  5161 | D:6      | Noticed Duvessa
  5161 | D:6      | Noticed Dowan
  5168 | D:6      | Killed Duvessa
  5179 | D:6      | Killed Dowan
  5569 | D:7      | Reached skill level 8 in Slings
  5608 | D:7      | Identified the +2 robe of the First Snow {rCorr Slay+3} (You found it on level 6 of the Dungeon)
  5634 | D:7      | Found an iron altar of Okawaru.
  5641 | D:7      | Received a gift from Trog
  5845 | D:7      | Reached skill level 5 in Armour
  6393 | D:7      | Reached skill level 10 in Short Blades
  6606 | D:7      | Found a bloodstained altar of Trog.
  6670 | D:7      | Reached XP level 10. HP: 54/69 MP: 10/10
  6723 | D:7      | Found a stormy altar of Qazlal.
  6723 | D:7      | Found a sparkling altar of Nemelex Xobeh.
  6741 | D:7      | Found a staircase to the Ecumenical Temple.
  7142 | D:8      | Received a gift from Trog
  7294 | D:8      | Reached ***** piety under Trog
  7334 | D:8      | Reached skill level 9 in Slings
  7467 | D:8      | Received a gift from Trog
  7729 | D:8      | Found a sand-covered staircase.
  7738 | Ossuary  | Entered an ossuary
  7738 | Ossuary  | Noticed dialectric's ghost (novice NaCK)
  7779 | Ossuary  | Killed dialectric's ghost
  7995 | Ossuary  | Reached skill level 10 in Slings
  8413 | D:8      | Found a shadowy altar of Dithmenos.
  8433 | D:8      | Received a gift from Trog
  8632 | D:8      | Found a staircase to the Lair.
  8690 | Lair:1   | Entered Level 1 of the Lair of Beasts
  8892 | Lair:1   | Reached skill level 11 in Slings
  8907 | Lair:1   | Reached XP level 11. HP: 77/77 MP: 11/11
  9211 | Lair:1   | Noticed an eight-headed hydra
  9233 | Lair:1   | Killed an eight-headed hydra
  9557 | Lair:2   | Reached skill level 12 in Slings
  9696 | Lair:2   | Received a gift from Trog
  9760 | Lair:2   | Reached skill level 1 in Stealth
  9789 | Lair:2   | Found a staircase to the Swamp.
 10303 | Lair:3   | Found a hole to the Spider Nest.
 10326 | Lair:3   | Noticed an elephant
 10337 | Lair:3   | Killed an elephant
 10338 | Lair:3   | Noticed an elephant
 10343 | Lair:3   | Noticed an elephant
 10359 | Lair:3   | Killed an elephant
 10386 | Lair:3   | Killed an elephant
 10386 | Lair:3   | Reached skill level 13 in Slings
 10440 | Lair:3   | Noticed an elephant
 10461 | Lair:3   | Killed an elephant
 10487 | Lair:3   | Reached XP level 12. HP: 87/87 MP: 12/12
 10582 | Lair:3   | Received a gift from Trog
 10627 | Lair:3   | Reached skill level 10 in Fighting
 11244 | Lair:3   | Reached skill level 14 in Slings
 11896 | Lair:3   | Noticed a dire elephant
 11916 | Lair:3   | Killed a dire elephant
 11916 | Lair:3   | Reached XP level 13. HP: 37/95 MP: 13/13
 12468 | Lair:4   | Received a gift from Trog
 13098 | Lair:4   | Reached skill level 15 in Slings
 13472 | Lair:4   | Noticed a seven-headed hydra
 13479 | Lair:4   | Killed a seven-headed hydra
 14037 | D:9      | Found a shimmering altar of Xom.
 14538 | D:10     | Entered Level 10 of the Dungeon
 14767 | D:10     | Received a gift from Trog
 14827 | D:10     | Noticed Psyche
 14832 | D:10     | Killed Psyche
 15129 | D:11     | Found Jemiwuuh's Armour Shoppe.
 15735 | D:11     | Noticed Roarke's ghost (novice DDBe)
 15754 | D:11     | Killed Roarke's ghost
 15754 | D:11     | Reached skill level 16 in Slings
 15754 | D:11     | Reached XP level 14. HP: 102/106 MP: 14/14
 15757 | D:11     | Found a glowing silver altar of Zin.
 15802 | D:11     | Found Vagesaiss's Weapon Emporium.
 15812 | D:11     | Bought 9 sling bullets for 67 gold pieces
 16481 | D:12     | Found a staircase to the Orcish Mines.
 17072 | D:12     | Received a gift from Trog
 17306 | Orc:1    | Entered Level 1 of the Orcish Mines
 17306 | Orc:1    | Noticed Fannar
 17358 | Orc:1    | Killed Fannar
 17645 | Orc:2    | Entered Level 2 of the Orcish Mines
 17696 | Orc:2    | Received a gift from Trog
 17754 | Orc:2    | Received a gift from Trog
 18145 | Orc:2    | Found a staircase to the Elven Halls.
 18880 | Orc:2    | Received a gift from Trog
 19085 | Orc:2    | Noticed Maurice
 19123 | Orc:2    | Reached skill level 10 in Armour
 19147 | Orc:2    | Mangled by an orc warrior

Skill      XL: |  1  2  3  4  5  6  7  8  9 10 11 12 13 14 |
---------------+-------------------------------------------+-----
Short Blades   | 4 5 6 7 8 10 11 12 | 12.7
Fighting       | 3 4 5 6 8 9 11 13 14 | 14.2
Slings         | 2 3 4 6 8 11 13 14 16 | 16.6
Armour         | 3 4 5 6 7 8 9 10 | 10.0
Dodging        | 3 |  3.2
Stealth        | 1 |  1.6

Action                   |  1- 3 |  4- 6 |  7- 9 | 10-12 | 13-15 || total
-------------------------+-------+-------+-------+-------+-------++-------
Melee: Dagger            |    57 |       |   189 |    88 |   328 ||   662
       Short sword       |   100 |   106 |   135 |       |       ||   341
 Fire: Hunting sling     |       |    68 |   103 |   738 |   648 ||  1557
Invok: Berserk           |     1 |     2 |     1 |     1 |     4 ||     9
       Trog's Hand       |       |     2 |     1 |     2 |     2 ||     7
       Brothers in Arms  |       |       |       |     2 |     6 ||     8
       Burn Spellbooks   |       |       |       |       |     1 ||     1
  Use: Scroll            |       |     5 |     3 |     4 |     9 ||    21
       Potion            |       |       |       |       |     5 ||     5
 Stab: Sleeping          |     1 |       |       |       |       ||     1
  Eat: Chunk             |     2 |     6 |     9 |    13 |    16 ||    46
       Fruit             |       |     3 |       |     5 |     7 ||    15
       Beef jerky        |       |       |     1 |       |     2 ||     3
       Royal jelly       |       |       |     1 |       |       ||     1
       Meat ration       |       |       |       |     1 |       ||     1
       Pizza             |       |       |       |       |     1 ||     1
Armor: Animal skin       |    21 |       |       |       |       ||    21
       Chain mail        |    26 |    49 |    75 |       |       ||   150
       Plate armour      |       |       |    90 |   128 |   242 ||   460
Dodge: Dodged            |    94 |    52 |   155 |   110 |   266 ||   677
